 Dungeon Crawl Stone Soup version 0.29-a0-1027-gcd8c55af63 (webtiles) character file.

Game seed: 9665445958173600293

88 gruber the Conjurer (level 4, -1/27 HPs)
             Began as an Octopode Conjurer on Aug 12, 2022.
             Killed from afar by Ijyb (9 damage)
             ... with a bolt of acid
             ... on level 3 of the Dungeon.
             The game lasted 00:03:12 (2614 turns).

gruber the Conjurer (Octopode Conjurer)             Turns: 2614, Time: 00:03:13

Health: -1/27      AC:  1    Str:  6    XL:     4   Next: 54%
Magic:  3/8        EV: 13    Int: 22    God:
Gold:   191        SH:  0    Dex: 10    Spells: 5/8 levels left

rFire   . . .      SeeInvis +   o - +2 whip (vamp)
rCold   . . .      Faith    .   (no shield)
rNeg    . . .      Spirit   .   (helmet restricted)
rPois   .          Reflect  .   (no amulet)
rElec   .          Harm     .   g - ring of see invisible
rCorr   .          Rampage  .   m - +4 ring of protection
Will    .....                   t - +4 ring of protection
Stlth   +++.......              (no ring)
HPRegen 0.09/turn               (no ring)
MPRegen 0.11/turn               (no ring)
                                (no ring)
                                (no ring)

@: corroded
A: almost no armour, amphibious, 8 rings, camouflage 1, gelatinous body 1,
(nimble swimmer 1), tentacles
a: no special abilities


You were on level 3 of the Dungeon.
You visited 1 branch of the dungeon, and saw 3 of its levels.

You collected 191 gold pieces.

Inventory:

Hand Weapons
 f - a +0 short sword
 o - a +2 vampiric whip (weapon)
Missiles
 e - 9 poisoned darts
Magical Staves
 k - a staff of conjuration
Jewellery
 g - a ring of see invisible (left tentacle)
 m - a +4 ring of protection (right tentacle)
 t - a +4 ring of protection (on tentacle)
 v - an amulet of faith
Scrolls
 b - 2 scrolls of noise {unknown}
 c - a scroll of vulnerability {unknown}
 d - 4 scrolls of identify {unknown}
 h - 2 scrolls of magic mapping {unknown}
 l - 2 scrolls of butterflies {unknown}
 n - 2 scrolls of fear {unknown}
 r - a scroll of summoning {unknown}
 s - a scroll of amnesia {unknown}
Potions
 a - 2 potions of magic
 i - 2 potions of degeneration {unknown}
 j - a potion of flight {unknown}
 p - a potion of ambrosia {unknown}
 q - a potion of haste {unknown}
 u - a potion of heal wounds {unknown}
 w - a potion of berserk rage {unknown}


   Skills:
 - Level 2.0 Dodging
 - Level 2.6 Stealth
 * Level 2.7 Spellcasting
 + Level 5.4 Conjurations


You had 5 spell levels left.
You knew the following spells:

 Your Spells              Type           Power      Damage    Failure   Level
a - Magic Dart            Conj           100%       1d8       1%          1
b - Searing Ray           Conj           52%        2d6       1%          2

Your spell library contained the following spells:

 Spells                   Type           Power      Damage    Failure   Level
 Dazzling Flash           Conj/Hex       28%        N/A       13%         3
 Fulminant Prism          Conj/Hex       7%         3d7       38%         4
 Iskenderun's Mystic Bla  Conj/Tloc      14%        2d5       38%         4


Dungeon Overview and Level Annotations

Branches:
Dungeon (3/15)

Altars:
Trog

Annotations:
D:3 Ijyb


Innate Abilities, Weirdness & Mutations

You cannot wear most types of armour.
You are amphibious.
You can wear up to eight rings at the same time.
Your skin changes colour to match your surroundings (Stealth+).
Your rubbery body absorbs attacks. (AC +1, EV +1)
((You are camouflaged when in or above water. (Stealth+)))
You have tentacles for arms and can constrict up to eight enemies at once.


Message History

A rat is nearby!
You hit the rat but do no damage. You squeeze the rat, but do no damage.
The rat is heavily wounded.
You constrict the rat.
You kill the rat!
No target in view!
Things that are here:
a +0 dagger; a kobold skeleton
Found a stone staircase leading down.
You see here 5 stones.
You now have 169 gold pieces (gained 17).
You now have 185 gold pieces (gained 16).
You now have 191 gold pieces (gained 6).
Things that are here:
a +0 dagger; a kobold skeleton Ijyb is nearby!
The magic dart hits Ijyb but does no damage.
Ijyb shouts!
Casting: Magic Dart (safe; 1% risk of failure)
Confirm with . or Enter, or press ? or * to list all spells.
Aiming: Searing Ray (safe; 1% risk of failure)
Press: ? - help, Shift-Dir - straight line, f/p - Ijyb
Aim: Ijyb, wielding a +0 club, wearing a +0 scale mail and carrying a wand of acid (7) (77% to hit)
The searing ray hits Ijyb.
Ijyb is lightly wounded. (Press . to maintain the ray.)
The searing ray hits Ijyb.
Ijyb is lightly wounded.
Ijyb zaps a wand.
The bolt of acid hits you. The acid corrodes you!
The searing ray misses Ijyb.
Ijyb zaps a wand.
The bolt of acid misses you.
The searing ray hits Ijyb.
Ijyb is moderately wounded.
You finish channelling your searing ray.
Ijyb zaps a wand.
The bolt of acid hits you!
Ouch! That really hurt!
* * * LOW HITPOINT WARNING * * *
The acid corrodes you!
Unknown command.
Ijyb zaps a wand.
The bolt of acid hits you!
You die...

...###.########....<...# #..##.)#
#.##.>...# #..##.## #.##.....#
##....# #.##.##### ##....#####
##...<# ...##.....#
#..#################
...######.####...##∩..♣..♣......#
...# #......#.##.............#
...# ####...#@##.............#
...# #.....##♣..∩..8..∩..♣# .#.#
###.##...#.........†.... .#.#
####...##g.................
.#.####...........#♣.....∩..8..∩.
.................................
.#..#.~~~~~.~~~~.#...............
##....~≈≈≈≈.≈≈≈~.##8..♣..∩..♣..∩.
###..≈≈≈≈~.≈≈≈≈.................


You could see Ijyb.

Vanquished Creatures
  4 adders (D:2)
  2 dart slugs
  3 endoplasms
  4 giant cockroaches
  3 goblins
  A hobgoblin (D:2)
  2 quokkas (D:1)
  6 ball pythons
  5 bats
  3 frilled lizards
  10 kobolds
  8 rats
51 creatures vanquished.

Notes
Turn   | Place    | Note
-------+----------+-------------------------------------------
     0 | D:1      | gruber the Octopode Conjurer began the quest for the Orb.
     0 | D:1      | Reached XP level 1. HP: 11/11 MP: 3/3
   267 | D:1      | Reached XP level 2. HP: 17/17 MP: 5/5
  1009 | D:1      | Learned a level 2 spell: Searing Ray
  1238 | D:2      | Reached XP level 3. HP: 21/21 MP: 1/6
  1304 | D:2      | Reached skill level 5 in Conjurations
  1631 | D:2      | Reached XP level 4. HP: 27/27 MP: 3/7
  1751 | D:2      | You fall into a shaft and drop 1 floor!
  1854 | D:3      | Found a faded altar of an unknown god.
  2075 | D:2      | Found a bloodstained altar of Trog.
  2197 | D:3      | Noticed Ijyb
  2614 | D:3      | Killed from afar by Ijyb

Illustrated notes

Levels and vault maps discovered:
D:1:      dpeg_arrival_orchard, layout_basic, chequers_big_river,
          minmay_split_cup_small
D:2:      layout_rooms, basic_altar, minmay_surrounded
D:3:      layout_rooms, hellmonk_ecumenical_altar_arch_garden, minivault_14,
          uniq_ijyb

Skill      XL: |  1  2  3 |
---------------+----------+-----
Conjurations   | 5 |  5.4
Dodging        | |  2.0
Stealth        | |  2.6
Spellcasting   | |  2.7

Action                   |  1- 3 |  4- 6 || total
-------------------------+-------+-------++-------
Melee: Unarmed           |    14 |       ||    14
       Constrict         |    15 |     4 ||    19
       Tentacles         |    12 |     4 ||    16
       Punch             |     1 |       ||     1
       Short sword       |    35 |       ||    35
       Whip              |     3 |    25 ||    28
 Cast: Magic Dart        |    19 |    19 ||    38
       Searing Ray       |     2 |     2 ||     4
 Stab: Sleeping          |     4 |     2 ||     6
Armor: Skin              |     5 |    10 ||    15
Dodge: Dodged            |    44 |    17 ||    61

Table legend: (Time is in decaauts)
 A = Elapsed time spent in this place.
 B = Non-inter-level travel time spent in this place.
 C = Inter-level travel time spent in this place.
 D = Time resting spent in this place.
 E = Time spent auto-exploring this place.
 F = Levels seen in this place.
 G = Mean time per level.
                   A        B        C        D        E       F      G
               +--------+--------+--------+--------+--------+-----+--------+
         Total |   2619 |   2484 |    135 |      0 |   2055 |   3 |  873.0 |
       Dungeon |   2619 |   2484 |    135 |      0 |   2055 |   3 |  873.0 |
               +--------+--------+--------+--------+--------+-----+--------+

Top non-repeatable levels by time:
     D:1: 1394 daAuts
     D:2: 669 daAuts
     D:3: 556 daAuts
